Map: Terraform LE (Void)

Players

qxc

  • Race: Terran Terran
  • League: Master

Nerchio - Winner!

  • Race: Zerg Zerg
  • League: Diamond

Event: Lycan League Weekly August #3

VOD

Have the link to the VOD?

Description

Time

  • Played on: Aug. 17, 2015, 2:07 p.m.
  • Length: 11:44

All games in this series

Show
View Real Time Build Order
Export as new Build Order

qxc Terran 

Build Orders: MMM Bio 

Get SALT Encoding   

  12  0:01  SCV  
  13  0:13  SCV  
  14  0:18  Supply Depot  
  14  0:25  SCV  
  15  0:39  SCV  
  15  0:41  Barracks  
  16  0:45  Refinery  
  16  0:51  SCV  
  17  1:03  SCV  
  18  1:15  SCV  
  19  1:28  Barracks Reactor, Orbital Command  
  19  1:41  Command Center  
  19  1:53  Supply Depot  
  19  1:54  SCV  
  20  2:04  Reaper x2  
  20  2:06  SCV  
  23  2:19  SCV  
  24  2:31  SCV  
  24  2:32  Command Center  
  24  2:36  Reaper  
  26  2:41  Reaper  
  26  2:43  SCV  
  28  2:54  Barracks  
  28  2:55  SCV  
  29  2:58  Orbital Command  
  29  3:08  SCV  
  29  3:09  Barracks  
  30  3:15  Reaper  
  30  3:18  Reaper  
  32  3:20  SCV  
  32  3:25  SCV  
  34  3:31  Refinery  
  34  3:32  SCV  
  35  3:37  SCV  
  36  3:42  Barracks Tech Lab  
  36  3:44  SCV  
  36  3:46  Orbital Command  
  36  3:48  Marine  
  37  3:49  SCV, Marine  
  37  3:50  Supply Depot  
  40  3:56  SCV  
  40  3:57  Marine  
  40  4:01  SCV  
  43  4:03  Stimpack, Marine  
  43  4:08  SCV  
  43  4:09  Marine x2  
  46  4:15  SCV  
  46  4:16  Supply Depot, SCV  
  46  4:18  Marine  
  46  4:20  SCV  
  46  4:21  Marine  
  49  4:27  Marine x2  
  49  4:29  SCV  
  50  4:35  Marine  
  51  4:39  Marine  
  51  4:45  Marine x2  
  53  4:47  SCV  
  53  4:49  SCV  
  53  4:50  SCV  
  53  4:51  Factory  
  56  4:54  Supply Depot  
  56  4:59  Marine x2  
  58  5:01  SCV  
  58  5:03  SCV  
  58  5:04  SCV  
  61  5:13  SCV  
  62  5:15  Marine x2  
  62  5:16  SCV x2, Supply Depot  
  62  5:17  Barracks Reactor, Marine  
  67  5:25  SCV  
  67  5:27  Engineering Bay  
  67  5:28  SCV, Engineering Bay  
  68  5:36  Marine x2  
  68  5:41  SCV  
  68  5:42  Marine  
  70  5:43  SCV  
  70  5:44  Factory Reactor  
  70  5:45  Starport  
  71  5:50  Barracks x2  
  71  5:52  Refinery  
  71  5:54  SCV, Marine  
  71  5:56  Refinery  
  73  5:57  Marine x3  
  73  6:00  Marine  
  73  6:01  Terran Infantry Weapons Level 1  
  73  6:02  SCV  
  78  6:04  Terran Infantry Armor Level 1  
  78  6:06  SCV  
  78  6:07  Orbital Command  
  79  6:12  Supply Depot  
  79  6:14  SCV  
  79  6:18  SCV, Marine x3  
  81  6:19  Marine  
  85  6:26  Bunker  
  85  6:27  Combat Shields, Marine  
  85  6:30  SCV, Medivac  
  85  6:32  Medivac  
  91  6:33  SCV  
  91  6:36  Factory Tech Lab, Marine x3  
  91  6:38  Barracks Reactor  
  95  6:40  Barracks Reactor  
  95  6:41  SCV  
  95  6:45  SCV  
  97  6:51  Marine x2  
  97  6:52  SCV  
  100  6:57  SCV, Supply Depot  
  100  6:58  Supply Depot  
  100  7:00  Armory  
  101  7:13  SCV x2  
  101  7:15  Marine  
  101  7:16  SCV  
  101  7:19  Siege Tank, Marauder  
  101  7:21  Marine x5  
  104  7:25  SCV x2  
  104  7:27  Medivac  
  104  7:28  SCV  
  98  7:37  SCV  
  98  7:38  SCV  
  98  7:40  SCV, Marauder  
  98  7:42  Marine, Medivac  
  98  7:43  Marine x4  
  110  7:49  Marine x2  
  110  7:50  SCV x2  
  113  7:58  SCV, Supply Depot  
  114  7:59  Supply Depot  
  114  8:00  Supply Depot  
  114  8:02  Supply Depot, Marauder  
  114  8:03  Terran Infantry Weapons Level 2  
  116  8:05  Terran Infantry Armor Level 2  
  116  8:12  SCV  
  117  8:15  Bunker  
  117  8:16  Refinery  
  117  8:18  Refinery  
  117  8:19  Marine x3  
  117  8:20  SCV, Marine x3  
  117  8:23  Marauder  
  107  8:27  SCV  
  107  8:28  Medivac  
  107  8:29  Marine x2  
  107  8:31  SCV  
  107  8:33  Factory  
  105  8:36  SCV  
  105  8:37  Marine x3  
  105  8:38  Factory Tech Lab, Marine x3  
  105  8:39  SCV  
  105  8:44  SCV  
  105  8:45  Marauder  
  105  8:47  Marine x2  
  108  8:49  SCV  
  108  8:52  SCV  
  108  8:55  Marine x3  
  105  8:56  Marine x3  
  105  8:58  SCV  
  109  9:03  SCV  
  109  9:05  Marine x2  
  109  9:06  Marauder  
  109  9:07  SCV  
  107  9:10  SCV  
  107  9:13  Marine  
  99  9:17  Marine x2  
  99  9:24  SCV  
  98  9:27  Marauder  
  83  9:34  Marine x2  
  83  9:37  SCV  
  83  9:42  Marine x2  
  85  9:46  Siege Tank  
  85  9:48  SCV  
  85  9:49  Marauder  
  85  9:50  SCV  
  85  9:52  Siege Tank  
  93  10:00  SCV x2  
  93  10:01  Marine x2  
  93  10:02  SCV, Marine x3  
  93  10:05  Medivac  
  103  10:12  SCV  
  103  10:13  Marauder, Marine x3  
  109  10:16  SCV  
  109  10:21  SCV  
  111  10:27  Siege Tank x2  
  117  10:29  SCV x2  
  117  10:33  SCV  
  120  10:41  SCV x2  
  120  10:42  Medivac  
  124  10:45  SCV  
  124  10:47  Marauder, Marine  
  125  11:02  SCV  
  118  11:08  SCV  
  118  11:09  Marauder  
  118  11:10  SCV  
  128  11:14  SCV  
  105  11:21  SCV  
  105  11:22  SCV  
  104  11:26  SCV  
  106  11:35  Factory Reactor  
Show
View Real Time Build Order
Export as new Build Order

Nerchio Zerg - Winner!

Build Orders: Hatch First 

Get SALT Encoding   

  12  0:01  Drone  
  13  0:13  Overlord  
  13  0:17  Drone  
  14  0:31  Drone x2  
  14  0:35  Drone  
  17  0:54  Hatchery  
  17  0:56  Drone  
  17  1:10  Spawning Pool  
  16  1:13  Drone  
  16  1:16  Extractor  
  16  1:18  Drone  
  17  1:21  Drone  
  18  1:30  Overlord  
  18  1:39  Drone  
  19  1:56  Zergling x2  
  19  1:57  Queen  
  22  2:03  Drone  
  22  2:06  Queen  
  22  2:07  Zergling x2  
  26  2:11  Drone  
  27  2:17  Metabolic Boost, Drone  
  27  2:22  Drone  
  29  2:28  Drone  
  30  2:34  Drone  
  31  2:39  Drone  
  32  2:48  Hatchery, Drone  
  31  2:55  Drone  
  31  2:56  Drone  
  32  2:59  Queen  
  32  3:04  Overlord  
  34  3:06  Drone  
  34  3:08  Drone  
  36  3:23  Zergling x14  
  36  3:26  Overlord  
  43  3:34  Overlord  
  43  3:44  Queen  
  45  3:49  Zergling x4  
  45  3:50  Zergling x8  
  45  3:54  Overlord  
  51  3:59  Drone  
  52  4:05  Drone  
  52  4:06  Drone  
  52  4:07  Drone x2  
  56  4:11  Drone x4  
  59  4:17  Drone  
  59  4:28  Overlord  
  59  4:31  Drone x6  
  58  4:33  Drone  
  60  4:42  Drone x2  
  60  4:43  Drone  
  58  4:46  Roach Warren, Drone  
  58  4:55  Lair, Drone x2  
  58  4:56  Drone x3  
  58  4:57  Drone, Extractor  
  58  4:58  Drone  
  64  5:04  Drone  
  65  5:07  Overlord  
  65  5:08  Drone  
  65  5:10  Extractor  
  65  5:11  Extractor  
  64  5:15  Drone x2  
  64  5:16  Drone x5  
  64  5:17  Drone  
  64  5:20  Overlord  
  72  5:22  Overlord  
  72  5:26  Evolution Chamber x2, Drone x4  
  72  5:37  Drone x2  
  72  5:42  Drone x3  
  74  5:47  Extractor x2  
  74  5:48  Drone x4  
  74  5:49  Drone  
  77  5:51  Drone x5  
  77  5:53  Overlord  
  77  5:56  Zerg Ground Armor Level 1  
  82  5:58  Zerg Melee Weapons Level 1  
  82  6:01  Glial Reconstitution  
  82  6:05  Roach x4  
  90  6:11  Roach  
  90  6:12  Roach  
  90  6:13  Roach x2  
  98  6:20  Roach  
  98  6:21  Roach  
  98  6:22  Roach  
  98  6:24  Pneumatized Carapace  
  104  6:26  Overlord  
  104  6:28  Hatchery  
  104  6:29  Overlord  
  103  6:34  Overlord  
  103  6:35  Zergling x2  
  103  6:36  Zergling x10  
  103  6:39  Overlord  
  109  6:41  Zergling x4  
  109  6:42  Zergling x4  
  109  6:45  Zergling x2  
  114  6:47  Zergling x2  
  114  6:49  Zergling x4  
  114  6:50  Zergling x4  
  119  6:54  Zergling x2  
  119  6:55  Infestation Pit  
  119  6:57  Zergling x2  
  119  6:59  Zergling x4  
  119  7:00  Zergling x6  
  125  7:06  Hatchery  
  124  7:13  Zergling x2  
  124  7:14  Zergling x12  
  131  7:21  Zergling x2  
  131  7:22  Zergling x10  
  111  7:31  Roach x2  
  111  7:32  Roach  
  111  7:36  Roach  
  111  7:37  Roach x3  
  111  7:39  Roach  
  115  7:44  Roach  
  115  7:45  Roach x2  
  115  7:46  Roach  
  115  7:47  Pathogen Glands  
  115  7:48  Hive  
  123  7:51  Overlord  
  123  7:54  Roach  
  123  7:55  Zerg Melee Weapons Level 2  
  123  7:56  Zerg Ground Armor Level 2  
  125  8:01  Roach x2  
  125  8:02  Roach  
  131  8:08  Roach  
  131  8:10  Roach  
  131  8:11  Roach x4  
  143  8:14  Roach x2  
  143  8:15  Roach  
  143  8:18  Roach  
  148  8:20  Roach x2  
  148  8:23  Roach x2  
  148  8:27  Roach x2  
  152  8:33  Zergling x6  
  152  8:34  Zergling x6  
  155  8:35  Zergling x2  
  155  8:38  Zergling x4  
  157  8:52  Overlord x3  
  157  8:54  Overlord  
  152  8:56  Overlord x2  
  152  8:59  Overlord x2  
  148  9:03  Ultralisk Cavern  
  148  9:05  Zergling x8  
  148  9:09  Zergling x6  
  147  9:11  Zergling x4  
  147  9:12  Zergling x2  
  147  9:14  Zergling x4  
  147  9:16  Zergling x2  
  148  9:17  Zergling x2  
  148  9:19  Zergling x2  
  148  9:21  Zergling x4  
  147  9:26  Zergling x4  
  147  9:27  Zergling x4  
  140  9:43  Infestor  
  140  9:44  Infestor x2  
  146  9:45  Infestor  
  146  9:47  Hatchery  
  147  9:53  Chitinous Plating  
  147  9:58  Viper x2  
  147  9:59  Viper  
  155  10:06  Ultralisk  
  161  10:15  Ultralisk  
  167  10:25  Ultralisk  
  172  10:39  Ultralisk  
  177  10:57  Ultralisk  
  168  11:04  Ultralisk  
  168  11:06  Zergling x20  
  168  11:07  Zergling x2  
  180  11:17  Zergling x14  
  180  11:18  Zergling x2  
  185  11:19  Zergling x2  
  185  11:21  Zergling x2  
  185  11:25  Zergling x6  

Tags
 
Add a new tag
Caveats
  • Supply blocks, unpowered buildings, or Contaminate may cause inaccurate times.
  • Supply counts are checked every 10 seconds.